 Dungeon Sprint DCSS version 0.18-a0-1788-g92de1ac (webtiles) character file.

69017 wvc the Conqueror (level 14, -18/168 HPs)
             Began as a Minotaur Fighter on Apr 19, 2016.
             Was the Champion of Makhleb.
             Killed from afar by a black draconian annihilator (49 damage)
             ... with a crystal spear
             ... in the Dungeon (Sprint V: "Ziggurat Sprint").
             The game lasted 00:26:47 (1968 turns).

wvc the Conqueror (Minotaur Fighter)                Turns: 1968, Time: 00:26:48

Health: -18/168    AC: 44    Str: 26    XL:     14   Next: 88%
Magic:  1/13       EV: 16    Int:  5    God:    Makhleb [******]
Gold:   0          SH: 42    Dex: 21    Spells: 1 memorised, 11 levels left

rFire  . . .     SeeInvis +     L - +14 obsidian axe {chop, +Fly Str+3 SInv *Curse}
rCold  + + .     Gourm    .     M - +15 Maxwell's patent armour {-Cast -Tele rElec MR+ rCorr}
rNeg   + . .     Faith    .     N - +18 shield of the gong {rElec rN+ MR+ EV-5}
rPois  .         Spirit   .     (helmet restricted)
rElec  +         Dismiss  .     D - +2 cloak of Starlight {rElec rC+ EV+4 Stlth--}
rCorr  +         Reflect  +     (no gloves)
SustAt .         Harm     .     P - +1 pair of boots {run}
MR     +++..     NoTele   +     a - brooch of Shielding {Reflect SH+8}
Stlth  .......... NoCast   +    W - ring of Weqakysm {rCorr rC+ Dex+2}
                                y - +6 ring of dexterity

@: mesmerised, studying Shields, quick, extremely resistant to hostile
enchantments, extremely unstealthy
A: retaliatory headbutt, horns 2
a: Minor Destruction, Lesser Servant of Makhleb, Major Destruction, Greater
Servant of Makhleb, Renounce Religion, Evoke Flight


You were in the Dungeon.
You worshipped Makhleb.
Makhleb was exalted by your worship.
You were full.

You visited 1 branch

Inventory:

Hand Weapons
 J - a +9 executioner's axe of flaming
 K - the +8 lance "Wyrmbane" {slay drac, +Rage rPois rF+ AC+5}
   (You found it in the Dungeon)

   It affects your AC (+5).
   It protects you from fire.
   It protects you from poison.
   It lets you go berserk.
 L - the +14 obsidian axe (weapon) {chop, +Fly Str+3 SInv *Curse}
   (You found it in the Dungeon)

   It inflicts extra damage upon your enemies.
   It affects your strength (+3).
   It lets you see invisible.
   It lets you fly.
   It may re-curse itself when equipped.
Armour
 c - a +5 gold dragon armour
 D - the +2 cloak of Starlight (worn) {rElec rC+ EV+4 Stlth--}
   (You found it in the Dungeon)

   It affects your evasion (+4).
   It protects you from cold.
   It insulates you from electricity.
   It makes you much less stealthy.
 M - the +15 Maxwell's patent armour (worn) {-Cast -Tele rElec MR+ rCorr}
   (You found it in the Dungeon)

   It insulates you from electricity.
   It affects your resistance to hostile enchantments.
   It prevents spellcasting.
   It prevents most forms of teleportation.
   It protects you from acid and corrosion.
 N - the +18 shield of the gong (worn) {rElec rN+ MR+ EV-5}
   (You found it in the Dungeon)

   It affects your evasion (-5).
   It insulates you from electricity.
   It protects you from negative energy.
   It affects your resistance to hostile enchantments.
 P - a +1 pair of boots of running (worn)
 S - a +1 cloak of magic resistance
Jewellery
 a - the brooch of Shielding (around neck) {Reflect SH+8}
   (You found it in the Dungeon)

   [amulet of reflection]

   It shields you and reflects attacks.
   It affects your SH (+8).
 y - a +6 ring of dexterity (left hand)
 B - a +6 ring of intelligence
 C - a +6 ring of intelligence
 E - a +6 ring of strength
 O - the ring "Jeremuhe" {rCorr Str+2}
   (You found it in the Dungeon)

   [ring of resist corrosion]

   It affects your strength (+2).
 R - an uncursed ring of protection from magic
 W - the ring of Weqakysm (right hand) {rCorr rC+ Dex+2}
   (You found it in the Dungeon)

   [ring of resist corrosion]

   It affects your dexterity (+2).
   It protects you from cold.
Wands
 F - a wand of disintegration (7/24)
 G - a wand of iceblast (5/15)
 H - a wand of lightning (5/15)
 I - a wand of acid (5/15)
Scrolls
 k - 4 scrolls of blinking
 q - 4 scrolls of amnesia
 r - 3 scrolls of recharging
 s - 8 scrolls of fog
 t - a scroll of holy word
 u - 4 scrolls of identify
 v - 4 scrolls of remove curse
 w - 2 scrolls of fear
 A - 4 scrolls of enchant armour
Potions
 d - 6 potions of might
 e - 9 potions of curing
 g - 3 potions of heal wounds
 h - 12 potions of haste
 i - 7 potions of magic
 j - 3 potions of berserk rage
 l - 2 potions of brilliance
 m - 2 potions of invisibility
 n - 4 potions of resistance
 p - 6 potions of agility
Books
 b - a manual of Shields
Miscellaneous
 o - a lamp of fire
 Q - a lamp of fire
 U - a phantom mirror
 V - a fan of gales
 X - a lamp of fire
 Y - a lamp of fire
 Z - a fan of gales
Comestibles
 f - 5 bread rations
 x - 32 fruits
 z - 4 meat rations


   Skills:
 O Level 27 Fighting
 - Level 18.4 Axes
 O Level 27 Armour
 + Level 11.4 Dodging
 - Level 17.1 Shields


You had 11 spell levels left.
You knew the following spells:

 Your Spells              Type           Power        Failure   Level  Hunger
a - Swiftness             Chrm/Air       #.......     99%         2    ###....


Dungeon Overview and Level Annotations

Branches:
Dungeon (1/1)

Altars:
Ashenzari
Cheibriados
Dithmenos
Elyvilon
Fedhas
Gozag
Kikubaaqudgha
Makhleb
Nemelex Xobeh
Okawaru
Pakellas
Qazlal
Ru
Sif Muna
Trog
Vehumet
Xom
Yredelemnul
Zin
The Shining One
Beogh
Jiyva
Lugonu


Innate Abilities, Weirdness & Mutations

You reflexively headbutt those who attack you in melee.
You have a pair of horns on your head.


Message History

The red draconian hits your ice devil with a war axe!!
Your ice devil dies!
The moth of wrath bites you but does no damage.
You block the storm dragon's attack.
GONNNNG!
The storm dragon claws you but does no damage.
You block the storm dragon's attack.
BONNNG!
The black draconian hits you with a war axe.
* * * LOW HITPOINT WARNING * * *
The storm dragon bites you!
* * * LOW HITPOINT WARNING * * *
The storm dragon claws you but does no damage.
The storm dragon misses you.
The red draconian rages.
The purple draconian hits you with a mace.
* * * LOW HITPOINT WARNING * * *
The black draconian annihilator points at you and mumbles some strange words.
The crystal spear hits you!
You die...

▓.....)..
..|}})):.)}?...▓........
...).:::::[}:..▓........
....|["")}§....▓......†.
.......Dz§.....▓..▓....†
.....yXddy.....▓.▓▓▓....
....dddqyd.....▓..▓.....
.....dDdXy.....▓........
....dzd@dd.....▓........
.....dD.y......▓▓▓▓▓▓▓▓▓
...▓.......▓... .
▓.▓.q...▓.▓ .
...▓.......▓...
...............
...............
▓▓▓▓▓▓▓▓▓▓▓▓▓▓▓


You could see a golden dragon, 2 storm dragons, a black draconian (berserk), a
yellow draconian (berserk), 2 draconians, 2 draconians, 5 draconians, 2
draconians, a curse toe, a death cob, a green draconian caller, 2 Orb Guardians,
a black draconian annihilator, a ghost moth (invisible) and 4 moths of wrath.

Vanquished Creatures
  An Orb Guardian (D)
  2 deep elf blademasters (D)
  A deep elf master archer (D)
  An acid blob (D)
  A tentacled starspawn (D)
  5 shadow dragons (D)
  A ghost moth (D)
  An emperor scorpion (D)
  A deep elf sorcerer (D)
  3 stone giants (D)
  2 deep elf annihilators (D)
  A spark wasp (D)
  2 death oozes (D)
  2 merfolk javelineers (D)
  An entropy weaver (D)
  A deep elf high priest (D)
  2 yaktaur captains (D)
  6 centaur warriors (D)
  A dancing weapon (D)
  An orc high priest (D)
  A deep elf knight (D)
  3 vampire magi (D)
  3 soul eaters (D)
  A wretched star (D)
  A skeletal warrior (D)
  2 large abominations (D)
  2 necromancers (D)
  An orc sorcerer (D)
  A wolf spider (D)
  4 deep elf magi (D)
  A shining eye (D)
  3 cyclopes (D)
  2 hornets (D)
  A worldbinder (D)
  2 naga magi (D)
  2 black mambas (D)
  An eye of devastation (D)
  A yaktaur (D)
  A rime drake (shapeshifter) (D)
  A rime drake (D)
  A tormentor (D)
  An ice devil (D)
  2 jumping spiders (D)
  2 polar bears (D)
  5 slime creatures (D)
  3 shadows (D)
  A water elemental (D)
  4 redbacks (D)
  2 air elementals (D)
  A tarantella (D)
  2 vampires (D)
  A fire bat (shapeshifter) (D)
  2 small abominations (D)
  A soldier ant (shapeshifter) (D)
  A water moccasin (D)
  2 nagas (D)
  3 wasps (D)
  2 phantoms (D)
  3 necrophages (D)
  3 centaurs (D)
  A giant frog (D)
  7 scorpions (D)
  2 wights (D)
  2 crimson imps (D)
  5 jellies (D)
  4 quasits (D)
  4 starcursed masses (D)
  An orc priest (D)
  An iron imp (D)
  An orc wizard (D)
  An adder (D)
  A river rat (D)
  A shadow imp (D)
  6 white imps (D)
  3 ufetubi (D)
  An ooze (D)
  4 adder skeletons (D)
  2 adder zombies (D)
  5 orcs (D)
  4 spectral bats (D)
  3 bat skeletons (D)
  6 bat zombies (D)
  5 giant cockroach zombies (D)
  4 giant gecko skeletons (D)
  2 giant gecko zombies (D)
  A quokka skeleton (D)
  A spectral ball python (D)
  A spectral jackal (D)
  A starspawn tentacle (D)
192 creatures vanquished.

Vanquished Creatures (collateral kills)
  2 acid blobs (D)
  A shadow dragon (D)
  An azure jelly (D)
  A green draconian (D)
  A merfolk javelineer (D)
  A great orb of eyes (D)
  An entropy weaver (D)
  A deep elf archer (D)
  2 jumping spiders (D)
  A raiju (D)
  A fire bat (shapeshifter) (D)
  A mottled dragon (shapeshifter) (D)
  A phantom (D)
  3 starcursed masses (D)
  A river rat (D)
  A white imp (D)
  3 oozes (D)
  A spectral adder (D)
24 creatures vanquished.

Vanquished Creatures (others)
  A deep elf master archer (D)
  A merfolk javelineer (D)
  A spatial maelstrom (D)
  A centaur (D)
  A white imp (D)
  4 starspawn tentacles (D)
  134 starspawn tentacle segments (D)
143 creatures vanquished.

Grand Total: 359 creatures vanquished

Notes
Turn   | Place    | Note
--------------------------------------------------------------
     0 | D        | wvc the Minotaur Fighter began the quest for the Orb.
     0 | D        | Reached XP level 1. HP: 19/19 MP: 0/0
     0 | D        | Found an iron altar of Okawaru.
     0 | D        | Found a burning altar of Makhleb.
     0 | D        | Found a radiant altar of Vehumet.
     0 | D        | Found a deep blue altar of Sif Muna.
     0 | D        | Found a shimmering altar of Xom.
     0 | D        | Found a bloodstained altar of Trog.
     0 | D        | Banished a spatial maelstrom
     1 | D        | Found a roughly hewn altar of Beogh.
     1 | D        | Found a viscous altar of Jiyva.
     1 | D        | Found a corrupted altar of Lugonu.
     1 | D        | Found a white marble altar of Elyvilon.
     1 | D        | Found a sparkling altar of Nemelex Xobeh.
    80 | D        | Became a worshipper of Makhleb the Destroyer
    97 | D        | Reached XP level 2. HP: 26/26 MP: 1/1
   108 | D        | Entered arena 1.
   108 | D        | Noticed a phantom
   108 | D        | Noticed a phantom
   118 | D        | Killed a phantom
   118 | D        | Reached skill level 5 in Fighting
   118 | D        | Reached XP level 3. HP: 36/36 MP: 2/2
   118 | D        | Reached XP level 4. HP: 42/42 MP: 3/3
   120 | D        | Killed a phantom
   120 | D        | Reached XP level 5. HP: 52/52 MP: 4/4
   126 | D        | Entered arena 2.
   129 | D        | Reached * piety under Makhleb
   129 | D        | Reached skill level 10 in Shields
   131 | D        | Reached ** piety under Makhleb
   136 | D        | Got the ring "Jeremuhe" {rCorr Str+2}
   139 | D        | Entered arena 3.
   139 | D        | Noticed a deep elf knight
   139 | D        | Noticed an air elemental
   139 | D        | Noticed a halberd of distortion
   139 | D        | Noticed a deep elf mage
   141 | D        | Killed a deep elf mage
   141 | D        | Reached skill level 5 in Axes
   141 | D        | Reached XP level 6. HP: 66/66 MP: 5/5
   141 | D        | Reached XP level 7. HP: 71/71 MP: 6/6
   146 | D        | Killed a deep elf knight
   146 | D        | Reached XP level 8. HP: 30/82 MP: 7/7
   146 | D        | Killed an air elemental
   153 | D        | Killed a halberd of distortion
   153 | D        | Reached XP level 9. HP: 25/91 MP: 8/8
   164 | D        | Identified a +1 pair of boots of running (You found it in the Dungeon)
   414 | D        | Entered arena 4.
   419 | D        | Reached *** piety under Makhleb
   437 | D        | Entered arena 5.
   437 | D        | Noticed a rime drake
   440 | D        | Reached **** piety under Makhleb
   440 | D        | Reached skill level 10 in Axes
   442 | D        | Killed a rime drake
   450 | D        | Reached ***** piety under Makhleb
   460 | D        | Entered arena 6.
   489 | D        | Learned a level 2 spell: Swiftness
   492 | D        | Entered arena 7.
   492 | D        | Noticed a polar bear
   492 | D        | Noticed a polar bear
   492 | D        | Noticed an ice devil
   492 | D        | Noticed a rime drake
   498 | D        | Killed a rime drake
   498 | D        | Reached ****** piety under Makhleb
   499 | D        | Killed an ice devil
   500 | D        | Killed a polar bear
   500 | D        | Reached skill level 15 in Axes
   500 | D        | Reached XP level 10. HP: 99/99 MP: 9/9
   509 | D        | Got the ring "Teipn" {Ice *Confuse rPois MP+9 Int+5}
   516 | D        | Entered arena 8.
   536 | D        | Entered arena 9.
   536 | D        | Noticed a naga mage
   536 | D        | Noticed a black mamba
   536 | D        | Noticed a naga mage
   536 | D        | Noticed a black mamba
   541 | D        | Killed a black mamba
   543 | D        | Killed a black mamba
   543 | D        | Noticed a smoke demon
   552 | D        | Killed a naga mage
   553 | D        | Killed a naga mage
   766 | D        | Entered arena 10.
   775 | D        | Reached skill level 15 in Shields
   791 | D        | Entered arena 11.
   794 | D        | Noticed an acid blob
   794 | D        | Noticed a death ooze
   794 | D        | Noticed an eye of devastation
   803 | D        | Killed a death ooze
   806 | D        | Reached XP level 11. HP: 108/108 MP: 10/10
   806 | D        | Killed an acid blob
   807 | D        | Reached skill level 15 in Fighting
   807 | D        | Reached skill level 1 in Dodging
   819 | D        | Got a twisted large shield
   820 | D        | Identified the +0 large shield of Insatiable Hunger {rN+ Str+7 Int-5 Dex-4} (You acquired it in the Dungeon)
   824 | D        | Entered arena 12.
   824 | D        | Noticed a shadow dragon
   824 | D        | Noticed a shadow dragon
   825 | D        | Noticed a soul eater
   825 | D        | Noticed a shadow dragon
   836 | D        | Killed a shadow dragon
   840 | D        | Killed a soul eater
   842 | D        | Killed a shadow dragon
   848 | D        | Killed a shadow dragon
   848 | D        | Reached skill level 15 in Armour
   855 | D        | Got the ring of Weqakysm {rCorr rC+ Dex+2}
   876 | D        | Entered arena 13.
   876 | D        | Noticed a vampire mage
   877 | D        | Noticed a vampire mage
   877 | D        | Killed a vampire mage
   878 | D        | Noticed a necromancer
   878 | D        | Noticed a skeletal warrior
   879 | D        | Noticed a vampire mage
   879 | D        | Noticed a necromancer
   882 | D        | Killed a vampire mage
   882 | D        | Reached XP level 12. HP: 130/130 MP: 11/11
   896 | D        | Killed a vampire mage
   912 | D        | Entered arena 14.
   952 | D        | Entered arena 15.
   953 | D        | Noticed a deep elf blademaster
   953 | D        | Noticed a deep elf sorcerer
   954 | D        | Noticed a deep elf annihilator
   954 | D        | Noticed a deep elf blademaster
   955 | D        | Noticed a deep elf annihilator
   955 | D        | Noticed a deep elf high priest
   958 | D        | Noticed an orc high priest
   961 | D        | Killed a deep elf sorcerer
   965 | D        | Killed a deep elf blademaster
   967 | D        | Killed a deep elf blademaster
   969 | D        | Killed a deep elf annihilator
   974 | D        | Killed a deep elf annihilator
   976 | D        | Killed an orc high priest
   976 | D        | Reached XP level 13. HP: 105/151 MP: 12/12
  1205 | D        | Entered arena 16.
  1208 | D        | Noticed an acid blob
  1208 | D        | Noticed an azure jelly
  1208 | D        | Noticed a death ooze
  1208 | D        | Noticed an acid blob
  1215 | D        | Killed an azure jelly
  1216 | D        | Killed a death ooze
  1218 | D        | Killed an acid blob
  1227 | D        | Killed an acid blob
  1245 | D        | Entered arena 17.
  1361 | D        | Noticed an emperor scorpion
  1362 | D        | Noticed a spark wasp
  1362 | D        | Noticed a ghost moth
  1372 | D        | Reached skill level 27 in Fighting
  1373 | D        | Killed a ghost moth
  1374 | D        | Reached skill level 5 in Dodging
  1383 | D        | Killed a spark wasp
  1386 | D        | Killed an emperor scorpion
  1465 | D        | Entered arena 18.
  1468 | D        | Noticed a shadow dragon
  1469 | D        | Noticed a shadow dragon
  1469 | D        | Noticed a shadow dragon
  1486 | D        | Killed a shadow dragon
  1492 | D        | Killed a shadow dragon
  1492 | D        | Reached XP level 14. HP: 163/167 MP: 13/13
  1498 | D        | Killed a shadow dragon
  1549 | D        | Entered arena 19.
  1554 | D        | Noticed a starcursed mass
  1555 | D        | Noticed a tentacled starspawn
  1570 | D        | Killed a tentacled starspawn
  1572 | D        | Paralysed by accursed screaming for 1 turns
  1895 | D        | Entered arena 20.
  1900 | D        | Noticed a stone giant
  1900 | D        | Noticed a stone giant
  1901 | D        | Noticed a deep elf master archer
  1901 | D        | Noticed a deep elf master archer
  1901 | D        | Noticed a stone giant
  1916 | D        | Killed a stone giant
  1919 | D        | Killed a deep elf master archer
  1920 | D        | Reached skill level 10 in Dodging
  1920 | D        | Killed a deep elf master archer
  1923 | D        | Killed a stone giant
  1924 | D        | Killed a stone giant
  1952 | D        | Entered arena 21.
  1956 | D        | Noticed a storm dragon
  1956 | D        | Noticed an Orb Guardian
  1956 | D        | Noticed an Orb Guardian
  1957 | D        | Noticed a storm dragon
  1957 | D        | Noticed a golden dragon
  1957 | D        | Noticed a green draconian caller
  1957 | D        | Noticed a ghost moth
  1958 | D        | Noticed an Orb Guardian
  1958 | D        | Noticed a death cob
  1958 | D        | Noticed a black draconian annihilator
  1959 | D        | Noticed a curse toe
  1962 | D        | Killed an Orb Guardian
  1962 | D        | Reached skill level 27 in Armour
  1968 | D        | Killed from afar by a black draconian annihilator

Vault maps used:
D:        sprint_v

Skill      XL: |  1  2  3  4  5  6  7  8  9 10 11 12 13 14 |
---------------+-------------------------------------------+-----
Armour         | 7 8 9 11 12 13 15 16 20 27 | 27.0
Shields        | 7 8 9 12 13 14 16 17 | 17.1
Fighting       | 5 7 9 11 12 13 19 24 27 | 27.0
Axes           | 3 4 5 7 15 18 | 18.4
Dodging        | 2 4 7 11 | 11.4

Action                   |  1- 3 |  4- 6 |  7- 9 | 10-12 | 13-15 || total
-------------------------+-------+-------+-------+-------+-------++-------
Melee: Broad axe         |     7 |     7 |    35 |   110 |   119 ||   278
       Headbutt          |       |     1 |    12 |    34 |    42 ||    89
Evoke: Lamp of fire      |       |       |       |     1 |       ||     1
  Use: Potion            |     1 |       |       |       |    10 ||    11
       Scroll            |       |       |       |     3 |     7 ||    10
 Stab: Distracted        |       |       |       |       |     3 ||     3
  Eat: Fruit             |       |       |       |       |    10 ||    10
Armor: Plate armour      |       |     2 |    20 |    34 |    77 ||   133
Dodge: Dodged            |       |       |       |    11 |    48 ||    59
Block: Shield            |     9 |     9 |    67 |   167 |   268 ||   520
       Reflection        |       |       |       |       |    18 ||    18
